 Dungeon Crawl Stone Soup version 0.19-a0-1513-gf6d23ed (webtiles) character file.

69 jacquesderrida the Ruffian (level 4, -2/22 HPs)
             Began as a Vine Stalker Wanderer on Sept 12, 2016.
             Slain by an orc
             ... wielding a +0 trident
              (3 damage)
             ... on level 4 of the Dungeon.
             The game lasted 00:04:25 (843 turns).

jacquesderrida the Ruffian (Vine Stalker Wanderer)   Turns: 843, Time: 00:04:26

Health: -2/22      AC:  7    Str: 16    XL:     4   Next: 20%
Magic:  0/6        EV: 14    Int: 13    God:
Gold:   28         SH:  0    Dex: 12    Spells: 1 memorised, 4 levels left

rFire  . . .     SeeInvis .     t - -2 falchion (curse)
rCold  . . .     Gourm    .     s - +1 ring mail
rNeg   . . .     Faith    .     (no shield)
rPois  .         Spirit   +     (no helmet)
rElec  .         Dismiss  .     (no cloak)
rCorr  .         Reflect  .     n - +0 pair of gloves
MR     .....     Harm     .     (no boots)
Stlth  +.........               p - amulet of rage
                                (no ring)
                                k - +4 ring of evasion

@: no status effects
A: fangs 2, regeneration 1, magic shield, antimagic bite, no device heal 3, rot
immunity
a: Evoke Berserk Rage


You were on level 4 of the Dungeon.
You were not hungry.

You visited 1 branch of the dungeon, and saw 4 of its levels.

You collected 28 gold pieces.

Inventory:

Hand Weapons
 a - a +2 shortbow
 o - a +1 mace of protection
 t - a cursed -2 falchion (weapon)
Missiles
 b - 37 arrows
Armour
 e - a +0 robe
 n - a +0 pair of gloves (worn)
 s - a +1 ring mail (worn)
Jewellery
 k - a +4 ring of evasion (left hand)
 p - an amulet of rage (around neck)
Wands
 m - a wand of lightning (5/15)
Scrolls
 h - a scroll of enchant armour
Potions
 g - 2 potions of haste {unknown}
 j - a potion of brilliance {unknown}
 r - 2 potions of might {unknown}
Books
 c - Sif Muna's Collected Works on Displacement

   Spells                             Type                      Level
   a - Apportation                    Translocation                1
   b - Gell's Gravitas                Hexes/Translocation          3
 d - the Compendium of Evil

   Spells                             Type                      Level
   a - Animate Skeleton               Necromancy                   1
   b - Vampiric Draining              Necromancy                   3
Comestibles
 f - a bread ration
 i - a slice of pizza
 l - 2 beef jerkies


   Skills:
 - Level 1.0 Fighting
 - Level 2.6 Bows
 - Level 1.0 Armour
 - Level 1.2 Stealth
   Level 1.0 Shields
 + Level 3.7 Unarmed Combat
 - Level 1.1 Spellcasting
 - Level 2.0 Necromancy


You had 4 spell levels left.
You knew the following spells:

 Your Spells              Type           Power        Failure   Level  Hunger
a - Animate Skeleton      Necr           N/A          28%         1    ##.....


Dungeon Overview and Level Annotations

Branches:
Dungeon (4/15)
 Temple: D:4-7

Altars:
Dithmenos
Okawaru


Innate Abilities, Weirdness & Mutations

You have extremely sharp teeth.
Your natural rate of healing is unusually fast.
When hurt, damage is shared between your health and your magic reserves.
Your bite disrupts and absorbs the magic of your enemies.
Potions and wands cannot restore your health.
You are immune to rotting.


Message History

Your bite misses the orc.
The orc is heavily wounded.
You hit the orc but do no damage. Your bite misses the orc.
The orc is heavily wounded.
The orc hits you with a trident.
* * * LOW HITPOINT WARNING * * *
The orc misses you.
You hit the orc but do no damage. You bite the orc, but do no damage.
The orc is heavily wounded.
The orc closely misses you.
You riposte.
You closely miss the orc. You bite the orc, but do no damage.
The orc is heavily wounded.
You hit the orc. You bite the orc, but do no damage.
The orc is almost dead.
The orc hits you with a trident!
* * * LOW HITPOINT WARNING * * *
You hit the orc but do no damage.
The orc is almost dead.
The orc hits you with a trident.
You die...

#.##.##.#.......##..##
#.##.##.######.....##
#....##.## ##..###
#....†...# ####
#..####..# #........#
##....##.#
#.##>##.######.# #.
#.......@o..#
#.......########
#########


You could see an orc.

Vanquished Creatures
  2 adders (D:3)
  2 worms
  A dart slug (D:2)
  A giant gecko (D:4)
  4 orcs (D:4)
  A ball python (D:3)
  2 giant cockroaches (D:3)
  5 goblins
  4 hobgoblins
  3 jackals (D:3)
  A quokka (D:3)
  3 bats (D:1)
  2 giant newts (D:1)
  A kobold (D:2)
  6 rats
38 creatures vanquished.

Notes
Turn   | Place    | Note
-------+----------+-------------------------------------------
     0 | D:1      | jacquesderrida the Vine Stalker Wanderer began the quest for the Orb.
     0 | D:1      | jacquesderrida set off with: a +2 shortbow, 27 arrows, Sif Muna's Collected Works on Displacement, the Compendium of Evil, a +0 robe, a bread ration
     0 | D:1      | Reached XP level 1. HP: 10/10 MP: 3/3
    17 | D:1      | Identified Sif Muna's Collected Works on Displacement
    17 | D:1      | Identified the Compendium of Evil
    33 | D:1      | Learned a level 1 spell: Animate Skeleton
   111 | D:1      | Reached skill level 1 in Unarmed Combat
   191 | D:2      | Reached XP level 2. HP: 13/14 MP: 4/4
   232 | D:3      | Reached skill level 2 in Unarmed Combat
   279 | D:2      | Found an iron altar of Okawaru.
   295 | D:2      | Reached XP level 3. HP: 18/18 MP: 5/5
   460 | D:3      | Reached skill level 3 in Unarmed Combat
   718 | D:3      | Gained mutation: Your natural rate of healing is unusually fast. [Vine Stalker growth]
   718 | D:3      | Reached XP level 4. HP: 17/22 MP: 6/6
   759 | D:4      | Found a shadowy altar of Dithmenos.
   842 | D:4      | HP: 1/22 [orc/trident (6)]
   843 | D:4      | Slain by an orc

Vault maps used:
D:1:      grunt_arrival_lava_bath
D:2:      first_bread, okawaru_ov_weapons_minmay
D:3:      xom_redecorated
D:4:      serial_shops, nicolae_shop_overgrown_old_shop,
          nicolae_dithmenos_through_a_glass_darkly, uniq_grinder

Skill      XL: |  1  2  3 |
---------------+----------+-----
Unarmed Combat | 1 2 3 |  3.7
Fighting       | |  1.0
Bows           | |  2.6
Armour         | |  1.0
Stealth        | |  1.2
Shields        | |  1.0
Spellcasting   | |  1.1
Necromancy     | |  2.0

Action                   |  1- 3 |  4- 6 || total
-------------------------+-------+-------++-------
Melee: Falchion          |    65 |    56 ||   121
       Bite              |    20 |    19 ||    39
       Punch             |     1 |       ||     1
 Fire: Shortbow          |    45 |       ||    45
 Cast: Animate Skeleton  |     1 |       ||     1
  Use: Scroll            |     5 |       ||     5
Armor: Robe              |     5 |       ||     5
       Ring mail         |     7 |     6 ||    13
Dodge: Dodged            |    66 |    27 ||    93
